 Dungeon Crawl Stone Soup version 0.22-a0-197-g4ac3794 (webtiles) character file.

49 Gorglomux the Ruffian (level 3, -1/29 HPs)
             Began as a Mummy Monk on Feb 18, 2018.
             Hit by a goblin thrown by Robin (2 damage)
             ... on level 1 of the Dungeon.
             The game lasted 00:02:59 (2714 turns).

Gorglomux the Ruffian (Mummy Monk)                  Turns: 2714, Time: 00:03:01

Health: -1/29      AC:  0    Str: 15    XL:     3   Next: 53%
Magic:  3/3        EV: 13    Int:  9    God:
Gold:   86         SH:  0    Dex: 14    Spells: 2/2 levels left

rFire    x . .     SeeInvis .     - Unarmed
rCold    + . .     Gourm    .   (no shield)
rNeg     + + +     Faith    .   (no armour)
rPois    ∞         Spirit   .   (no helmet)
rElec    .         Reflect  .   (no cloak)
rCorr    .         Harm     .   (no gloves)
MR       .....                  (no boots)
Stlth    ++........             (no amulet)
HPRegen  0.09/turn              (no ring)
MPRegen  0.08/turn              (no ring)

@: no status effects
A: no food or potions, fire vulnerability, cold resistance 1, negative energy
resistance 3, torment resistance, unbreathing
a: no special abilities


You were on level 1 of the Dungeon.
You were not hungry.

You visited 1 branch of the dungeon, and saw 2 of its levels.

You collected 86 gold pieces.

Inventory:

Scrolls
 b - a scroll of noise {unknown}
 d - 2 scrolls of amnesia
 R - 2 scrolls of identify


   Skills:
 - Level 3.0 Fighting
 - Level 2.4 Dodging
 - Level 1.5 Stealth
 + Level 3.8 Unarmed Combat


You had 2 spell levels left.
You didn't know any spells.

Dungeon Overview and Level Annotations

Branches:
Dungeon (2/15)

Altars:

Annotations:
D:1 Robin


Innate Abilities, Weirdness & Mutations

You do not eat or drink.
Your flesh is vulnerable to fire.
You are immune to poison.
Your flesh is cold resistant. (rC+)
You are immune to negative energy. (rN+++)
You are immune to unholy pain and torment.
You can survive without breathing.


Message History

The goblin butts an uncursed dagger!
The butt barely misses you!
There is a stone staircase leading butt here!
Robin hits you with a short sword! * * * don't die
* * * The goblin hits you with an uncursed dagger! * * * don't die
* * * You climb upwards!
There is a stone staircase leading down here!
Unknown command!
Unknown command!
Robin's butt helmet rattles!
The goblin unwields an uncursed dagger!
The goblin wields an uncursed hunting sling!
The goblin shoots a stone!
The stone butt-ly misses you!
As you read the scroll labeled YBUKLO VUAXOYL, it crumbles to dust!
Butt is a scroll of identify!
d - 2 scrolls of amnesia;
R - 2 scrolls of identify Robin says, "A pitiful Mummy like you will never find the BUTT!!!"
Robin butts you! Robin throws the goblin at you!!! rip

### #.# #.# #)# #.#####
#.## #.....#
#..######.###.#
##.....##.# #.#
#####.##.# #.# ###
##)##.# #.# ..#
########..g#.###.# #.#
#..........@g.##.#
##################.##.#
#(..'(....<.....'.##.#
####################.#
### #.# #.# ### ##.##
#.# #.# ##.##
##.#.###.######.#
#.#.###.###.).........#
.###.........#.########


You could see Robin and a goblin.

Vanquished Creatures
  A worm (D:1)
  A leopard gecko (D:1)
  A ball python (D:1)
  A giant cockroach (D:1)
  14 goblins
  3 hobgoblins (D:1)
  5 bats (D:1)
  3 frilled lizards
  8 kobolds (D:1)
  5 rats (D:1)
42 creatures vanquished.

Notes
Turn   | Place    | Note
-------+----------+-------------------------------------------
     0 | D:1      | Gorglomux the Mummy Monk began the quest for the Orb.
     0 | D:1      | Reached XP level 1. HP: 18/18 MP: 1/1
   619 | D:1      | Reached skill level 3 in Unarmed Combat
   619 | D:1      | Reached XP level 2. HP: 13/24 MP: 2/2
  1414 | D:1      | Reached XP level 3. HP: 5/29 MP: 3/3
  2203 | D:2      | Noticed Robin
  2711 | D:2      | HP: 1/29 [goblin/uncursed dagger[Robin] (4)]
  2714 | D:1      | Hit by a goblin thrown by Robin

Vault maps used:
D:1:      evilmike_arrival_run_for_it, minmay_tromino_i2
D:2:      fedhas_altar_fruit_tree, gammafunk_temple_overflow_elements,
          grunt_decor_fettered, nemelex_lonely_heart_becter, uniq_robin

Skill      XL: |  1 |
---------------+----+-----
Unarmed Combat | 3 |  3.8
Fighting       | |  3.0
Dodging        | |  2.4
Stealth        | |  1.5

Action                   || total
-------------------------++-------
Melee: Unarmed           ||   178
       Punch             ||     1
  Use: Scroll            ||     1
Armor: Robe              ||     4
Dodge: Dodged            ||   162

Table legend:
 A = Spawn XP
 B = Non-spawn XP
 C = Spawn XP percentage of total XP
 D = Spawn monster count
 E = Non-spawn monster count
 F = Spawn count percentage of total count
 G = Total turns spent on level
                    A         B        C        D         E        F      G
               +---------+---------+-------+---------+---------+-------+---------
         Total |       0 |      71 |   0.0 |       0 |      42 |   0.0 |  2714
               +---------+---------+-------+---------+---------+-------+---------
           D:1 |       0 |      61 |   0.0 |       0 |      36 |   0.0 |  2629
           D:2 |       0 |      10 |   0.0 |       0 |       6 |   0.0 |    85
               +---------+---------+-------+---------+---------+-------+---------
